cohdb
Replays
Latest Replays
All Replays
Popular Replays
Top Player Replays
Match Explorer
How It Works
Community
CoH3 Stats
Reddit
Sign in to upload your games and track your stats! →
Sign in with Steam
Match 41279000
Unlisted
Match 41279000
Overview
Messages
Build Orders
End
Kettenkrad Recon Vehicle
Construct Infanterie Kompanie
Grenadier Squad
Grenadier Squad
Grenadier Squad
MG 42 Machine Gun Team
Construct Luftwaffe Kompanie
Flak 30 Anti-aircraft Gun Team
221 Scout Car
Selects Breakthrough Battlegroup
Selects Rapid Production
Jäger Squad
Selects Assault Grenadiers
Selects Breakthrough
Medical Bunker
Support Elements
Flak 30 Anti-aircraft Gun Team
Selects Mechanized Assault Group
Wirbelwind Flakpanzer
Sticket
SkengTecnicaInternational
0
0
Comments
sign in to comment!
No comments posted yet!